AoeStats
← SeemsFishy

Black Forest

508729269Analyzed
4v4 RM · 7d ago on Sep 23, 2026· 45m 57s· 8 players
Game mode
Random Map
Map size
Large (8 player)
Population
200
Speed
Normal
Resources
Standard
Victory
Conquest
Starting age
Dark Age
Ending age
Imperial Age
RankedLock teamsTeams togetherTeam positionsShared explorationLock speedFull tech treeHidden civsTurbo modeCheats
Victory
Defeat
🇧🇷 Persians · Brazil
1451
+13
🇪🇸 Varangians · Spain
1406
+14
🇬🇧 Byzantines · United Kingdom
1394
+15
🇩🇪 Cumans · Germany
1307
+19
🇨🇿 Saxons · Czechia
1393
-16
🇩🇪 Cumans · Germany
1367
-15
🇷🇴 Turks · Romania
1362
-15
🇩🇪 Goths · Germany
1359
-15
Vomastek
0:28 Loom
12:34 Feudal Age
29:37 Double-Bit Axe
32:04 Horse Collar
Slowhannes
6:44 Loom
9:52 Feudal Age
11:45 Double-Bit Axe
13:58 Horse Collar
17:23 Wheelbarrow
21:53 Castle Age
20:50 Scale Barding Armor
20:56 Forging
20:43 Gold Mining
22:34 Bloodlines
23:12 Chain Barding Armor
23:28 Iron Casting
23:13 Bow Saw
23:04 Heavy Plow
26:19 Hand Cart
32:01 Imperial Age
32:04 Town Watch
32:43 Cavalier
34:00 Plate Barding Armor
34:25 Blast Furnace
35:34 Coinage
34:33 Paladin
37:24 Banking
37:59 Two-Man Saw
37:37 Gold Shaft Mining
36:53 Stone Mining
38:41 Sanctity
38:36 Fervor
42:31 Light Cavalry
Dread Slayer
6:52 Loom
11:52 Feudal Age
12:32 Double-Bit Axe
18:18 Castle Age
16:57 Scale Barding Armor
23:04 Fishing Lines
25:33 Wheelbarrow
25:11 Bow Saw
26:29 Town Watch
27:01 Horse Collar
28:07 Stone Mining
28:10 Gold Mining
28:23 Heavy Plow
28:16 Gillnets
32:04 Gold Shaft Mining
35:06 Imperial Age
33:12 Padded Archer Armor
37:51 Leather Archer Armor
39:18 Ring Archer Armor
39:34 Conscription
40:15 Artillery
Makaveli
0:38 Loom
13:51 Feudal Age
14:34 Double-Bit Axe
17:34 Castle Age
15:45 Stone Mining
15:52 Gold Mining
16:19 Fishing Lines
18:25 Wheelbarrow
18:47 Bow Saw
18:18 Horse Collar
18:49 Fishing Lines
22:54 Scale Mail Armor
23:01 Squires
24:20 Chain Mail Armor
25:14 Pikeman
30:59 Forging
31:19 Heavy Plow
32:48 Iron Casting
36:14 Imperial Age
35:06 Hand Cart
36:14 Halberdier
38:04 Blast Furnace
42:15 Man-at-Arms
44:15 Long Swordsman
SeemsFishy
0:47 Loom
13:16 Feudal Age
17:50 Castle Age
16:50 Double-Bit Axe
18:49 Bow Saw
21:21 Wheelbarrow
22:05 Gold Mining
22:49 Scale Barding Armor
28:10 Chain Barding Armor
28:55 Fletching
32:28 Horse Collar
33:26 Heavy Plow
33:26 Fishing Lines
35:33 Hand Cart
40:28 Imperial Age
38:09 Scale Mail Armor
38:21 Squires
38:54 Forging
39:05 Chain Mail Armor
40:07 Forging
40:07 Arson
42:04 Iron Casting
42:29 Plate Mail Armor
42:43 Conscription
42:29 Elite Varangian Guard
46:15 Logistica
Sergio
12:39 Feudal Age
16:26 Castle Age
14:27 Double-Bit Axe
17:49 Loom
18:23 Fishing Lines
20:34 Bow Saw
22:04 Gillnets
24:27 Wheelbarrow
23:45 Gold Mining
25:56 Forging
31:58 Imperial Age
31:12 Iron Casting
30:37 Scale Mail Armor
30:39 Squires
30:25 Gambesons
30:56 Arson
31:22 Stone Mining
32:15 Coinage
32:16 Caravan
32:42 Hand Cart
32:14 Elite Varangian Guard
33:59 Blast Furnace
32:40 Capped Ram
33:16 Gothikon
34:17 Conscription
36:02 Vendel Legacy
37:26 Elite Jarl
39:20 Bloodlines
39:10 Husbandry
38:40 Light Cavalry
39:55 Scale Barding Armor
40:52 Chain Mail Armor
40:58 Chain Barding Armor
40:55 Chain Mail Armor
42:33 Plate Barding Armor
43:03 Two-Man Saw
44:07 Plate Mail Armor
46:56 Chemistry
46:17 Ballistics
45:56 Fletching
Der Genosse
7:12 Loom
9:57 Feudal Age
11:43 Fletching
30:00 Double-Bit Axe
30:12 Horse Collar
31:42 Wheelbarrow
36:05 Castle Age
34:07 Gold Mining
34:10 Stone Mining
36:10 Capped Ram
36:55 Heavy Plow
37:07 Bow Saw
37:35 Gold Shaft Mining
39:46 Hand Cart
42:43 Imperial Age
43:00 Siege Ram
BruToO
7:55 Loom
11:47 Feudal Age
12:42 Double-Bit Axe
15:23 Castle Age
16:35 Fishing Lines
17:19 Horse Collar
18:50 Wheelbarrow
18:07 Town Watch
19:33 Bow Saw
25:04 Hand Cart
28:29 Imperial Age
26:08 Stone Mining
26:10 Gold Mining
26:18 Gillnets
26:59 Scale Barding Armor
27:08 Bloodlines
27:50 Forging
28:03 Chain Barding Armor
28:36 Elite War Elephant
30:40 Plate Barding Armor
30:55 Forging
31:40 Conscription
33:18 Iron Casting
38:13 Husbandry
38:04 Fletching
39:15 Blast Furnace
38:35 Caravan
40:16 Heavy Plow
40:50 Devotion
42:29 Blast Furnace
41:07 Light Cavalry
44:54 Crop Rotation
45:26 Two-Man Saw
44:34 Fletching
45:17 Coinage
Connection lost

Rejoining the realm…

Still unreachable

The connection could not be restored.

Session expired

The server has moved on; the page needs a fresh start.